 Dungeon Crawl Stone Soup version 0.27.1-15-g792fb953b9 (webtiles) character file.

Game seed: 6389506845274671419

20 Gunterle the Vandal (level 2, 0/15 HPs)
             Began as a Spriggan Hunter on Nov 20, 2021.
             Succumbed to an adder's poison
             ... on level 2 of the Dungeon.
             The game lasted 00:02:08 (1090 turns).

Gunterle the Vandal (Spriggan Hunter)               Turns: 1090, Time: 00:02:09

Health: 0/15       AC:  2    Str:  8    XL:     2   Next: 58%
Magic:  3/3        EV: 17    Int: 12    God:
Gold:   55         SH:  0    Dex: 15    Spells: 1/1 levels left

rFire    . . .     SeeInvis +   b - +0 short sword
rCold    + . .     Faith    .   (shield restricted)
rNeg     . . .     Spirit   .   c - +0 robe
rPois    .         Reflect  .   (helmet restricted)
rElec    .         Harm     .   (no cloak)
rCorr    .         Rampage  .   (gloves unavailable)
Will     .....                  (boots unavailable)
Stlth    ++........             (no amulet)
HPRegen  0.05/turn              f - ring of protection from cold
MPRegen  0.08/turn              (no ring)

@: lethally poisoned (0 -> -5), very quick
A: very small, no large weapons, unfitting armour, see invisible, speed 3
a: no special abilities


You were on level 2 of the Dungeon.
You visited 1 branch of the dungeon, and saw 2 of its levels.

You collected 55 gold pieces.

Inventory:

Hand Weapons
 a - a +1 hunting sling
 b - a +0 short sword (weapon)
Missiles
 d - 20 sling bullets
 e - 31 stones (quivered)
Armour
 c - a +0 robe (worn)
Jewellery
 f - a ring of protection from cold (left hand)
Scrolls
 g - a scroll of fear {unknown}
 h - a scroll of identify {unknown}


   Skills:
 + Level 1.8 Fighting
 + Level 0.9 Short Blades
 * Level 5.2 Slings
 + Level 3.1 Dodging
 - Level 1.5 Stealth


You had one spell level left.
You didn't know any spells.
Your spell library contained the following spells:

 Spells                   Type           Power      Damage    Failure   Level
 Foxfire                  Conj/Fire      0%         2x1d4     32%         1
 Conjure Flame            Conj/Fire      0%         6-21      69%         3
 Inner Flame              Hex/Fire       0%         N/A       69%         3


Dungeon Overview and Level Annotations

Branches:
Dungeon (2/15)

Altars:


Innate Abilities, Weirdness & Mutations

You are very small and have problems with some larger weapons.
You are too small for most types of armour.
You have supernaturally acute eyesight. (SInv)
You cover ground extremely quickly. (Speed+++)


Message History

Unknown command.
Throw: 35 stones
Press: ? - help, Q - select action Shift-Dir - straight line, f/p - adder
Aim: an adder (moderately wounded, 40% to hit)
You throw a stone. The stone misses the adder.
Throw: 34 stones
Press: ? - help, Q - select action Shift-Dir - straight line, f/p - adder
Aim: an adder (moderately wounded, 40% to hit)
You throw a stone. The stone barely misses the adder.
Throw: 33 stones
Press: ? - help, Q - select action Shift-Dir - straight line, f/p - adder
Aim: an adder (moderately wounded, 40% to hit)
You throw a stone. The stone closely misses the adder.
The endoplasm closely misses you. The adder barely misses you.
Throw: 32 stones
Press: ? - help, Q - select action Shift-Dir - straight line, f/p - adder
Aim: an adder (moderately wounded, 40% to hit)
You throw a stone. The stone hits the adder.
The adder is heavily wounded.
The adder bites you.
You are poisoned.
The adder poisons you! The endoplasm closely misses you.
You feel sick. The adder bites you.
You are more poisoned.
The adder poisons you!
The endoplasm jiggles.
The endoplasm freezes you.
You are frozen.
You resist. The adder closely misses you.
You climb upwards.
You feel sick.
There is a stone staircase leading down here.
You aren't carrying any potions.
You aren't carrying any potions.
* * * LOW HITPOINT WARNING * * *
You feel sick. The endoplasm freezes you.
You are frozen.
You resist.
* * * LOW HITPOINT WARNING * * *
The adder completely misses you.
You climb downwards.
You die...

#####
#######.S.#
......J@..#
#####..(.......
#..........
#.......###
##....#.#
#..(>#.# #...##
# #.(.#


You could see an adder and an endoplasm.

Vanquished Creatures
  A giant cockroach (D:1)
  3 goblins (D:1)
  2 jackals (D:1)
  A quokka (D:1)
  3 ball pythons (D:1)
  5 bats (D:1)
  A kobold (D:1)
  5 rats (D:1)
21 creatures vanquished.

Vanquished Creatures (others)
  A plant (D:1)
1 creature vanquished.

Grand Total: 22 creatures vanquished

Notes
Turn   | Place    | Note
-------+----------+-------------------------------------------
     0 | D:1      | Gunterle the Spriggan Hunter began the quest for the Orb.
     0 | D:1      | Reached XP level 1. HP: 10/10 MP: 2/2
   212 | D:1      | Reached skill level 5 in Slings
   280 | D:1      | Reached XP level 2. HP: 11/15 MP: 3/3
  1090 | D:2      | Succumbed to an adder's poison

Illustrated notes

Levels and vault maps discovered:
D:1:      dpeg_arrival_water_temple_mockup, layout_loops_corners,
          kennysheep_boxes
D:2:      layout_loops_ring, basic_ecumenical_altar

Skill      XL: |  1  2 |
---------------+-------+-----
Slings         | 5 |  5.2
Dodging        | 3 |  3.1
Fighting       | |  1.8
Short Blades   | |  0.9
Stealth        | |  1.5

Action                   || total
-------------------------++-------
Melee: Short sword       ||    72
 Fire: Hunting sling     ||     1
Throw: Stone             ||     6
 Stab: Sleeping          ||     4
Armor: Robe              ||     8
Dodge: Dodged            ||    66
